 Dungeon Crawl Stone Soup version 0.19.1-1-g22dce08 (webtiles) character file.

1703 dvd the Cudgeler (level 8, 0/118 HPs)
             Began as a Troll Berserker on Jan 14, 2017.
             Was an Elder of Trog.
             Shot with an arrow by a centaur (5 damage)
             ... on level 6 of the Dungeon.
             The game lasted 00:15:19 (5007 turns).

dvd the Cudgeler (Troll Berserker)                  Turns: 5007, Time: 00:15:20

Health: 0/118      AC:  5    Str: 31    XL:     8   Next: 73%
Magic:  7/7        EV: 11    Int:  3    God:    Trog [****..]
Gold:   266        SH:  0    Dex: 11    Spells: 0 memorised, 7 levels left

rFire  + . .     SeeInvis .     b - +0 war axe
rCold  . . .     Gourm    +     F - +0 animal skin
rNeg   . . .     Faith    .     (no shield)
rPois  .         Spirit   .     (helmet restricted)
rElec  .         Reflect  .     (no cloak)
rCorr  .         Harm     .     (gloves unavailable)
MR     ++...                    (boots unavailable)
Stlth  ..........               d - amulet of rage
                                C - +2 ring of slaying
                                D - ring of protection from fire

@: berserking, regenerating, very quick
A: unfitting armour, claws 3, fast metabolism 3, gourmand, regeneration 1,
shaggy fur 1, tough skin 2
a: Berserk, Trog's Hand, Brothers in Arms, Burn Spellbooks, Renounce Religion,
Evoke Berserk Rage


You were on level 6 of the Dungeon.
You worshipped Trog.
Trog was greatly pleased with you.
You were not hungry.

You visited 2 branches of the dungeon, and saw 8 of its levels.

You collected 266 gold pieces.

Inventory:

Hand Weapons
 a - a +0 flail
 b - a +0 war axe (weapon)
Missiles
 i - 2 tomahawks of returning
 G - 6 javelins (quivered)
Armour
 r - a +0 shield
 F - a +0 animal skin (worn)
Jewellery
 d - an amulet of rage (around neck)
 e - an uncursed ring of flight
 o - an uncursed ring of protection from magic
 C - a +2 ring of slaying (right claw)
 D - a ring of protection from fire (left claw)
 E - an uncursed ring of ice {unknown}
Wands
 v - a wand of iceblast (6/15)
Scrolls
 g - 2 scrolls of blinking {unknown}
 h - 7 scrolls of identify
 j - 2 scrolls of remove curse
 k - 2 scrolls of fog
 p - 2 scrolls of teleportation
 t - a scroll of magic mapping {unknown}
 u - a scroll of fear {unknown}
 w - 2 scrolls of recharging {unknown}
 y - a scroll of enchant weapon {unknown}
 A - a scroll of random uselessness {unknown}
Potions
 l - a potion of lignification {unknown}
 m - a potion of curing
 n - 2 potions of agility {unknown}
 q - a potion of brilliance {unknown}
 s - a potion of mutation {unknown}
 z - 2 potions of heal wounds {unknown}
 B - a potion of invisibility {unknown}
 H - a potion of cure mutation {unknown}
 I - a potion of resistance {unknown}
Comestibles
 c - 4 bread rations
 f - a meat ration


   Skills:
 + Level 4.8 Fighting
 + Level 4.7(5.9) Axes
 + Level 5.9(6.9) Maces & Flails
 + Level 4.6 Dodging
 + Level 1.5 Stealth


You had 7 spell levels left.
You didn't know any spells.

Dungeon Overview and Level Annotations

Branches:
Dungeon (7/15)             Temple (1/1) D:4

Altars:
Ashenzari
Cheibriados
Dithmenos
Elyvilon
Fedhas
Gozag
Hepliaklqana
Kikubaaqudgha
Makhleb
Nemelex Xobeh
Okawaru
Qazlal
Ru
Sif Muna
Trog
Uskayaw
Vehumet
Xom
Yredelemnul
Zin
The Shining One

Annotations:
D:6 Menkaure


Innate Abilities, Weirdness & Mutations

You are too large for most types of armour.
You have claws for hands.
Your metabolism is lightning-fast.
You like to eat raw meat.
Your natural rate of healing is unusually fast.
You are covered in fur. (AC +1)
You have very tough skin. (AC +2)


Message History

Menkaure is heavily damaged.
The centaur wields a shortbow.
The centaur shoots an arrow.
The arrow barely misses you. Menkaure hits you!
* * * LOW HITPOINT WARNING * * *
You hit Menkaure.
Menkaure is heavily damaged.
The centaur shoots an arrow.
The arrow hits you!
* * * LOW HITPOINT WARNING * * *
Menkaure closely misses you.
The centaur shoots an arrow.
The arrow closely misses you.
Unknown command.
You feel better. Menkaure hits you.
* * * LOW HITPOINT WARNING * * *
The centaur shoots an arrow.
The arrow hits you!
* * * LOW HITPOINT WARNING * * *
Unknown command.
A red film seems to cover your vision as you go berserk!
You feel yourself moving faster!
You feel mighty!
You feel a lot more hungry.
The centaur shoots an arrow.
The arrow hits you.
You die...

..........#
..........#
..........#
......#..#
......#..#
#######..## .
#...##...
#...c....
#@..####.
#(M.##
#.....#
.........
#..#.......
#..#.......$#
.# ##.......#
## ###...!##


You could see Menkaure and a centaur.

Vanquished Creatures
  Grinder (D:6)
  2 orc warriors (D:6)
  3 ice beasts (D:6)
  A phantom (D:5)
  A sky beast (D:5)
  A big kobold (D:3)
  A bullfrog (D:6)
  A scorpion (D:6)
  A quasit (D:5)
  4 hounds
  2 orc priests (D:6)
  An orc wizard (D:3)
  2 centaur skeletons
  2 worker ants (D:6)
  A hound zombie (D:5)
  A howler monkey zombie (D:6)
  A worker ant zombie (D:6)
  6 gnolls (D:3)
  3 adders
  An ooze (D:1)
  2 adder skeletons (D:4)
  3 worms
  4 dart slugs
  4 leopard geckos
  10 orcs
  11 bats
  11 giant cockroaches
  35 goblins
  34 hobgoblins
  14 jackals
  5 quokkas
  7 frilled lizards
  10 kobolds
  A quokka skeleton (D:4)
  7 rats
194 creatures vanquished.

Notes
Turn   | Place    | Note
-------+----------+-------------------------------------------
     0 | D:1      | dvd the Troll Berserker began the quest for the Orb.
     0 | D:1      | Reached XP level 1. HP: 22/22 MP: 0/0
   137 | D:1      | Reached XP level 2. HP: 10/29 MP: 1/1
   317 | D:1      | Reached skill level 3 in Maces & Flails
   412 | D:1      | Reached ** piety under Trog
   412 | D:1      | Reached XP level 3. HP: 34/36 MP: 2/2
   657 | D:1      | Reached skill level 1 in Axes
  1123 | D:2      | Reached XP level 4. HP: 30/44 MP: 3/3
  1488 | D:3      | Reached *** piety under Trog
  2161 | D:3      | Reached XP level 5. HP: 50/53 MP: 4/4
  2296 | D:3      | Reached **** piety under Trog
  2596 | D:3      | Reached XP level 6. HP: 56/61 MP: 5/5
  3135 | D:4      | Found a staircase to the Ecumenical Temple.
  3144 | Temple   | Entered the Ecumenical Temple
  3494 | D:4      | You fall through a shaft for 2 floors!
  3525 | D:6      | Noticed an ice beast
  3532 | D:6      | Killed an ice beast
  3532 | D:6      | Reached XP level 7. HP: 68/68 MP: 6/6
  3693 | D:6      | Reached skill level 4 in Maces & Flails
  3697 | D:6      | Reached skill level 1 in Stealth
  3761 | D:5      | Entered Level 5 of the Dungeon
  3805 | D:5      | Reached skill level 5 in Maces & Flails
  4075 | D:5      | Reached XP level 8. HP: 78/78 MP: 7/7
  4765 | D:6      | Noticed Grinder
  4833 | D:6      | Killed Grinder
  4994 | D:6      | Noticed Menkaure
  5006 | D:6      | HP: 2/79 [centaur/arrow (12)]
  5007 | D:6      | Shot with an arrow by a centaur

Skill      XL: |  1  2  3  4  5  6  7  8 |
---------------+-------------------------+-----
Maces & Flails | 3 5 |  5.9
Axes           | 1 2 3 4 |  4.7
Fighting       | 3 4 |  4.8
Dodging        | 3 4 |  4.6
Stealth        | 1 |  1.5

Action                   |  1- 3 |  4- 6 |  7- 9 || total
-------------------------+-------+-------+-------++-------
Melee: Mace              |    30 |    67 |       ||    97
       Hand axe          |   112 |   178 |       ||   290
       Flail             |       |    30 |    78 ||   108
       War axe           |       |       |    71 ||    71
Invok: Berserk           |     1 |     5 |     6 ||    12
       Trog's Hand       |       |       |     2 ||     2
  Use: Potion            |       |     1 |     1 ||     2
       Scroll            |       |       |     5 ||     5
 Stab: Sleeping          |       |     1 |     1 ||     2
  Eat: Chunk             |    17 |    26 |    15 ||    58
Armor: Animal skin       |    88 |    88 |    45 ||   221
Dodge: Dodged            |   112 |   182 |   107 ||   401
